 Dungeon Crawl Stone Soup version 0.28.0-53-g5a82cb258f (webtiles) character file.

Game seed: 5474169893217451940

33201 Condegh the Spry (level 13, 65/65 HPs)
             Began as a Felid Summoner on July 27, 2022.
             Was an Initiate of Gozag.
             Got out of the dungeon alive.
             The game lasted 04:52:07 (32184 turns).

Condegh the Spry (Felid Summoner)                  Turns: 32184, Time: 04:52:07

Health: 65/65      AC:  3    Str:  4    XL:     13   Next: 35%
Magic:  29/29      EV: 28    Int: 29    God:    Gozag
Gold:   168        SH:  0    Dex: 16    Spells: 9/34 levels left
                                        Lives:  0   Deaths: 4

rFire   + . .      SeeInvis +     - Unarmed
rCold   . . .      Faith    .   (shield unavailable)
rNeg    . . .      Spirit   .   (armour unavailable)
rPois   +          Reflect  .   (helmet unavailable)
rElec   .          Harm     .   (cloak unavailable)
rCorr   .          Rampage  .   (gloves unavailable)
Will    ++...                   (boots unavailable)
Stlth   ++........              J - amulet of regeneration
HPRegen 1.00/turn               N - ring of Eblaschi {Fire Fly rPois Int+3}
MPRegen 0.21/turn               O - ring of Deics {Will+ Int+4}

@: flying, quick
A: very small, claws 1, fangs 3, see invisible, speed 1, shaggy fur 3, stealthy
paws, no weapons or thrown items, no armour, multi-lived
a: Renounce Religion, Potion Petition, Call Merchant, Bribe Branch


You escaped.
You worshipped Gozag.
Gozag was aware of your devotion.
You visited 5 branches of the dungeon, and saw 23 of its levels.
You also visited: Gauntlet.

You collected 6257 gold pieces.
You spent 2496 gold pieces at shops.
You paid 3593 gold pieces to Gozag.

Inventory:

Jewellery
 c - a +4 ring of slaying
 i - a ring of ice
 j - a ring of ice
 t - a ring of willpower
 u - a ring of fire
 v - a ring of wizardry
 w - an amulet of guardian spirit
 x - the amulet of Coronation {Spirit Regen+}
   (You found it on level 9 of the Dungeon)

   [amulet of guardian spirit]

   It causes incoming damage to be divided between your reserves of health and
   magic.
   Regen:     It increases your rate of health regeneration.
 B - the ring "Xawam" {AC+4 Dex+4}
   (You acquired it on level 3 of the Lair of Beasts)

   [ring of protection]

   AC:        It affects your AC (+4).
   Dex:       It affects your dexterity (+4).
 J - an amulet of regeneration (around neck)
 K - a ring of positive energy
 L - an amulet of reflection
 N - the ring of Eblaschi (left paw) {Fire Fly rPois Int+3}
   (You bought it in a shop on level 12 of the Dungeon)

   [ring of fire]

   It enhances your fire magic.
   Int:       It affects your intelligence (+3).
   rF:        It protects you from fire.
   rC:        It makes you vulnerable to cold.
   rPois:     It protects you from poison.
   Fly:       It grants you flight.
 O - the ring of Deics (right paw) {Will+ Int+4}
   (You bought it in a shop on level 12 of the Dungeon)

   [ring of willpower]

   Int:       It affects your intelligence (+4).
   Will:      It increases your willpower.
 P - a +6 ring of dexterity
Wands
 l - a wand of paralysis (13)
 z - a wand of flame (15)
 A - a wand of digging (20)
 H - a wand of polymorph (14)
 Q - a wand of acid (4)
Scrolls
 a - a scroll of magic mapping
 d - a scroll of summoning
 e - 2 scrolls of holy word
 f - a scroll of silence {unknown}
 h - a scroll of fear
 o - 6 scrolls of teleportation
 q - 3 scrolls of amnesia
 s - 6 scrolls of enchant armour {unknown}
 y - 5 scrolls of blinking {unknown}
 C - 3 scrolls of fog
 R - a scroll of identify
Potions
 b - 6 potions of curing
 k - 6 potions of flight
 m - a potion of magic
 n - 6 potions of heal wounds
 p - 4 potions of brilliance
 r - 2 potions of berserk rage
 D - 2 potions of invisibility
 E - 3 potions of ambrosia
 F - 2 potions of haste
 G - 2 potions of cancellation
 I - a potion of might {unknown}
Miscellaneous
 g - a tin of tremorstones (2/2)
 M - a phantom mirror


   Skills:
 + Level 12.5 Fighting
 + Level 16.2 Dodging
 - Level 2.6 Stealth
 + Level 4.4 Unarmed Combat
 - Level 11.0 Spellcasting
 - Level 5.0 Hexes
 - Level 11.0 Summonings
 + Level 8.3 Translocations
 + Level 7.4 Transmutations
 + Level 9.6 Air Magic


You had 9 spell levels left.
You knew the following spells:

 Your Spells              Type           Power      Damage    Failure   Level
a - Summon Small Mammal   Summ           100%       N/A       1%          1
b - Call Canine Familiar  Summ           68%        N/A       1%          3
c - Summon Guardian Gole  Hex/Summ       58%        N/A       1%          3
d - Summon Lightning Spi  Summ/Air       66%        N/A       1%          4
e - Manifold Assault      Tloc           59%        N/A       3%          5
f - Storm Form            Tmut/Air       30%        N/A       65%         7
g - Blink                 Tloc           100%       N/A       1%          2

Your spell library contained the following spells:

 Spells                   Type           Power      Damage    Failure   Level
 Apportation              Tloc           100%       N/A       1%          1
 Call Imp                 Summ           68%        N/A       1%          2
 Ensorcelled Hibernation  Hex/Ice        60%        N/A       1%          2
 Passwall                 Tmut/Erth      30%        N/A       1%          2
 Swiftness                Air            64%        N/A       1%          3
 Animate Skeleton         Necr           30%        N/A       3%          1
 Magic Dart               Conj           60%        1d6       3%          1
 Searing Ray              Conj           30%        2d5       4%          2
 Stone Arrow              Conj/Erth      30%        3d8       10%         3
 Fulminant Prism          Conj/Hex       15%        3d11      12%         4
 Olgreb's Toxic Radiance  Pois           15%        N/A       32%         4
 Conjure Ball Lightning   Conj/Air       21%        3x3d6     58%         6
 Fireball                 Conj/Fire      11%        3d7       67%         5
 Iskenderun's Battlesphe  Conj           15%        2d7       67%         5
 Orb of Destruction       Conj           7%         9d6       100%        7
 Ozocubu's Refrigeration  Ice            7%         4d6       100%        7
 Ignition                 Fire           11%        3d5       100%        8
 Lehudib's Crystal Spear  Conj/Erth      7%         10d3      100%        8
 Animate Armour           Summ/Erth      Unusable   N/A       N/A         4

Dungeon Overview and Level Annotations

Branches:
Dungeon (13/15) Temple (1/1) D:7 Lair (6/6) D:8 Shoals (1/4) Lair:2 Snake (0/4) Lair:4 Slime (0/5) Lair:6 Orc (2/2) D:9 Elf (0/3) Orc:2 Vaults (0/5) D:12 D:13 Gauntlet (visited)

Altars:
Ashenzari
Cheibriados
Dithmenos
Elyvilon
Fedhas
Gozag
Hepliaklqana
Kikubaaqudgha
Makhleb
Nemelex Xobeh
Okawaru
Qazlal
Ru
Sif Muna
Trog
Uskayaw
Vehumet
Wu Jian
Xom
Yredelemnul
Zin
The Shining One
Lugonu

Shops:
D:6 !   D:8 *   D:12 =   D:13 *   Orc:2 [(*:   Lair:2 *   Lair:4 :

Portals:
Abyss: D:3 Lair:6

Annotations:
D:13 2 transporters, Jiumoeso's ghost, journeyman GrEE; Nessos; Urug


Innate Abilities, Weirdness & Mutations

You have sharp claws.
You have razor-sharp teeth.
You have supernaturally acute eyesight. (SInv)
You cover ground quickly. (Speed+)
Your thick and shaggy fur keeps you warm. (AC +3, rC+)
Your paws help you pounce on unaware monsters.
You are incapable of wielding weapons or throwing items.
You cannot wear armour.
You gain extra lives every three experience levels.


Message History

You see here 10 stones.
There is a stone staircase leading up here.
You fly upwards.
There is a stone staircase leading down here.
There is an entrance to Weupt's Assorted Antiques here.
There is a stone staircase leading up here.
You fly upwards.
There is a stone staircase leading down here.
You see here a +0 spear.
There is a stone staircase leading up here.
You fly upwards.
There is a stone staircase leading down here.
There is an escape hatch in the ceiling here.
A mysterious force pulls you upwards. The hatch slams shut behind you.
There is a stone staircase leading up here.
You fly upwards.
There is a stone staircase leading down here.
You see here a +0 halberd.
There is a stone staircase leading up here.
You fly upwards.
There is a stone staircase leading down here.
There is a stone staircase leading up here.
You fly upwards.
There is a stone staircase leading down here.
Things that are here:
a +0 robe of willpower; a +0 scythe
There is a stone staircase leading up here.
You fly upwards.
There is a stone staircase leading down here.
There is an open door here.
You reach down and open the door.
There is an open door here.
You see here a stone.
You see here a stone.
You see here a stone.
You see here a stone.
There is an open door here.
There is a staircase leading out of the dungeon here.
Are you sure you want to leave the Dungeon?
This will make you lose the game!
You have escaped!

#..............##......#.#
#.)..........###########.#
######'##.>#############.#
##.###............##.#
#..(#############.##.#
##(.(###.## #.##.#
#((.((#...# #.##.#
#########(.(((#...# #.##.#
........#(.8(('.@.# #.##.#
#######.#..((.#(..# #.##.#
#.#((.(.#...# #.##.#
#.##..(###.## #.##.#
#.##.(.##### #†##.#
#.###.##...# #.##.#
#.#.#'##.#.# #.##.#
#.#......#.# #.##.#
#.#.####.#.#########†##.#


There were no monsters in sight!

Vanquished Creatures
  A two-headed ogre (D:12)
  A thrashing horror (Lair:6)
  Psyche (D:12)
  A tengu conjurer (D:12)
  A killer bee (D:7)
  2 hounds
  An orc wizard (Orc:2)
  An adder (D:2)
  6 orcs
  3 ball pythons
  3 endoplasms
  2 giant cockroaches
  A goblin (D:3)
  5 jackals
  A kobold (D:1)
  4 bats
  5 frilled lizards
  4 rats (D:1)
43 creatures vanquished.

Vanquished Creatures (collateral kills)
  Rupert (D:12)
  Kirke (Lair:4)
  A stone giant (Orc:2)
  Azrael (D:12)
  A merfolk javelineer (Shoals:1)
  3 ettins (Orc:2)
  5 hydras
  An alligator snapping turtle (Shoals:1)
  A centaur warrior (D:12)
  3 death yaks (Lair:6)
  2 thrashing horrors (Lair:6)
  Sonja (D:12)
  2 sea snakes (Shoals:1)
  An orc knight (Orc:2)
  5 harpies (Shoals:1)
  A manticore (Shoals:1)
  9 cyclopes
  An orc sorcerer (Orc:1)
  A merfolk siren (Shoals:1)
  14 elephants
  A rust devil (D:11)
  Maurice (D:10)
  A water nymph (Shoals:1)
  5 black mambas
  3 smoke demons (Lair:6)
  13 cane toads
  A rime drake (Lair:2)
  8 komodo dragons
  4 trolls
  2 ancient zymes (Lair:6)
  3 polar bears
  26 blink frogs
  6 dream sheep (Lair:4)
  A snapping turtle (Shoals:1)
  3 large abominations (Lair:6)
  3 water elementals (Shoals:1)
  A spriggan (Lair:6)
  Sigmund (D:2)
  2 ynoxinuls (Lair:6)
  A vampire (D:9)
  59 yaks
  A shadow (D:10)
  4 wyverns
  3 fire elementals (D:12)
  6 hogs (Lair:4)
  4 humans (D:12)
  A basilisk (shapeshifter) (D:12)
  5 basilisks
  A steam dragon (D:8)
  A chaos spawn (Lair:6)
  2 wargs
  8 vampire mosquitoes
  11 water moccasins
  6 nagas (Lair:4)
  2 hell hounds (D:12)
  2 black bears
  3 ice beasts
  7 orc warriors
  6 ogres
  3 centaurs
  19 wolves
  A kobold brigand (D:9)
  3 gnoll sergeants
  12 bullfrogs
  2 scorpions (D:5)
  A wyvern zombie (D:8)
  6 killer bees
  7 small abominations (Lair:6)
  A howler monkey (D:7)
  4 centaur zombies
  2 gnoll shamans (D:7)
  6 jellies
  A hound (D:4)
  11 orc priests
  2 bullfrog skeletons
  5 iguanas
  Terence (D:2)
  Natasha (D:2)
  17 orc wizards
  7 hell rats (Lair:4)
  A hound zombie (D:5)
  2 howler monkey zombies
  18 gnolls
  A howler monkey skeleton (D:5)
  6 adders
  A shadow imp (D:7)
  2 white imps
  3 ufetubi
  An adder skeleton (D:5)
  2 worms
  A dart slug (D:5)
  44 orcs
  5 ball pythons
  2 bats
  4 endoplasms
  2 giant cockroaches
  3 goblins (D:1)
  3 hobgoblins
  4 jackals
  4 quokkas
  2 frilled lizards (D:1)
  7 kobolds
  2 rats
  A lurking horror (D:3)
506 creatures vanquished.

Vanquished Creatures (others)
  A merfolk impaler (Shoals:1)
  2 hydras
  Pikel (D:5)
  2 ugly things (Lair:6)
  2 cane toads
  3 komodo dragons
  A hornet (D:9)
  A wyvern (D:9)
  9 yaks
  A steam dragon (D:7)
  2 orc warriors
  A black bear (D:7)
  An ogre (D:7)
  2 wolves (Lair:2)
  2 centaurs (D:9)
  A kobold brigand (D:9)
  A gnoll sergeant (D:9)
  2 killer bees
  7 wights
  An iguana (D:5)
  2 orc wizards
  2 gnolls (D:9)
  2 kobolds (D:9)
  14 demonic plants (Gauntlet)
  46 fungi
  2 lurking horrors (D:3)
  89 plants
200 creatures vanquished.

Grand Total: 749 creatures vanquished

Notes
Turn   | Place    | Note
-------+----------+-------------------------------------------
     0 | D:1      | Condegh the Felid Summoner began the quest for the Orb.
     0 | D:1      | Reached XP level 1. HP: 7/7 MP: 4/4
   651 | D:1      | Reached XP level 2. HP: 11/11 MP: 3/6
  1112 | D:1      | Reached XP level 3. HP: 3/12 MP: 1/8
  1116 | D:1      | Learned a level 3 spell: Call Canine Familiar
  2014 | D:2      | Noticed Sigmund
  2044 | D:2      | Killed Sigmund
  2045 | D:2      | Reached skill level 5 in Summonings
  2045 | D:2      | Reached XP level 4. HP: 18/18 MP: 4/11
  2045 | D:2      | Reached XP level 5. HP: 21/21 MP: 4/12
  2049 | D:2      | Learned a level 3 spell: Summon Guardian Golem
  2054 | D:2      | Learned a level 4 spell: Summon Lightning Spire
  2159 | D:2      | Found a broken altar of Ashenzari.
  2366 | D:2      | Noticed Terence
  2429 | D:2      | Killed Terence
  2485 | D:2      | Noticed Natasha
  2497 | D:2      | Killed Natasha
  2498 | D:2      | Reached skill level 1 in Hexes
  2542 | D:2      | Gained mutation: You are covered in thick fur. (AC +2)
                  | [Felid growth]
  2542 | D:2      | Reached XP level 6. HP: 25/25 MP: 13/13
  2569 | D:2      | Reached skill level 3 in Dodging
  3010 | D:3      | Found a corrupted altar of Lugonu.
  3270 | D:3      | Found a one-way gate to the infinite horrors of the Abyss.
  3365 | D:3      | Reached skill level 1 in Fighting
  3365 | D:3      | Reached skill level 1 in Air Magic
  3752 | D:3      | Reached XP level 7. HP: 29/29 MP: 11/14
  5408 | D:5      | Entered Level 5 of the Dungeon
  5417 | D:5      | Reached skill level 4 in Dodging
  5761 | D:5      | Noticed Pikel
  5786 | D:5      | Killed Pikel
  5787 | D:5      | Reached skill level 5 in Spellcasting
  5787 | D:5      | Reached XP level 8. HP: 34/34 MP: 11/16
  6130 | D:5      | Reached skill level 5 in Dodging
  6409 | D:5      | Noticed a komodo dragon
  6427 | D:5      | Killed a komodo dragon
  6428 | D:5      | Reached skill level 5 in Hexes
  6968 | D:5      | Reached skill level 6 in Dodging
  7317 | D:6      | Found Ugairod's Distillery.
  7321 | D:6      | Bought 2 potions of curing for 78 gold pieces
  7341 | D:6      | Reached XP level 9. HP: 39/39 MP: 13/18
  7787 | D:6      | HP: 1/39 [killer bee (7)]
  7788 | D:6      | Succumbed to a killer bee's poison
  7789 | D:6      | Reached XP level 8. HP: -1/36 MP: 15/17
  9220 | D:7      | Reached skill level 7 in Dodging
  9680 | D:7      | Reached skill level 5 in Fighting
  9680 | D:7      | Reached XP level 9. HP: 40/40 MP: 11/19
  9812 | D:7      | Found a staircase to the Ecumenical Temple.
  9822 | Temple   | Entered the Ecumenical Temple
  9900 | Temple   | Became a worshipper of Gozag Ym Sagoz the Greedy
 10249 | D:8      | Found Weupt's Assorted Antiques.
 10362 | D:7      | Reached skill level 5 in Air Magic
 11072 | D:6      | Bought a potion of curing for 39 gold pieces
 11072 | D:6      | Bought a potion of curing for 39 gold pieces
 11406 | D:8      | Reached skill level 8 in Dodging
 11508 | D:8      | Found a staircase to the Lair.
 11514 | D:8      | Noticed a komodo dragon
 11941 | D:8      | Killed a komodo dragon
 12011 | D:8      | Reached XP level 10. HP: 45/45 MP: 16/21
 12080 | D:8      | Bought a runed copper wand for 108 gold pieces
 12080 | D:8      | Bought a scroll labelled WOFREE WANIT for 27 gold pieces
 12080 | D:8      | Bought a scroll of teleportation for 81 gold pieces
 12080 | D:8      | Bought a scroll labelled XOTORO BAYRCH for 27 gold pieces
 12120 | Lair:1   | Entered Level 1 of the Lair of Beasts
 12145 | Lair:1   | Noticed a cane toad
 12202 | Lair:1   | Found a gate leading to a gauntlet.
 12211 | Gauntlet | Entered a Gauntlet
 12211 | Gauntlet | Found a transporter.
 12217 | Gauntlet | Noticed a hell hog
 12220 | Gauntlet | Found a transporter.
 12221 | Gauntlet | Noticed a reaper
 12222 | Gauntlet | Found a transporter.
 12227 | Gauntlet | Found a transporter.
 12228 | Gauntlet | Found a transporter.
 12229 | Gauntlet | Found a transporter.
 12241 | Gauntlet | Found a transporter.
 12255 | Gauntlet | Found a transporter.
 12256 | Gauntlet | Noticed a gargoyle
 12261 | Gauntlet | Found a transporter.
 12261 | Gauntlet | Noticed a molten gargoyle
 12263 | Gauntlet | Found a transporter.
 12266 | Gauntlet | Noticed a hell hog
 12267 | Gauntlet | Noticed a gargoyle
 12271 | Gauntlet | Found a transporter.
 12304 | Gauntlet | Noticed a catoblepas
 12334 | Gauntlet | Found a transporter.
 12340 | Gauntlet | Noticed a hell hog
 12535 | Lair:1   | Reached skill level 9 in Dodging
 12631 | Lair:1   | Killed a cane toad
 12740 | Lair:1   | Noticed a black mamba
 12746 | Lair:1   | Killed a black mamba
 12774 | Lair:1   | Noticed an eight-headed hydra
 12798 | Lair:1   | Killed an eight-headed hydra
 13187 | Lair:1   | Noticed a cane toad
 13194 | Lair:1   | Killed a cane toad
 13277 | Lair:1   | Noticed a cane toad
 13292 | Lair:1   | Killed a cane toad
 13358 | Lair:1   | Noticed a cane toad
 13372 | Lair:1   | Killed a cane toad
 13470 | Lair:1   | Reached XP level 11. HP: 50/50 MP: 19/23
 13764 | Lair:2   | Reached skill level 10 in Dodging
 14204 | Lair:2   | Found a staircase to the Shoals.
 14799 | Lair:2   | Reached skill level 10 in Summonings
 14805 | Lair:2   | Reached skill level 11 in Dodging
 15236 | Lair:2   | Gained mutation: Your thick and shaggy fur keeps you warm.
                  | (AC +3, rC+) [Felid growth]
 15236 | Lair:2   | Reached XP level 12. HP: 56/56 MP: 19/26
 15654 | Lair:2   | Bought a wand of digging (6) for 240 gold pieces
 15695 | Lair:3   | Reached skill level 12 in Dodging
 16091 | Lair:3   | Identified a scroll of acquirement
 16092 | Lair:3   | Acquired the ring "Xawam" {AC+4 Dex+4}
 16603 | Lair:4   | Noticed Kirke
 16760 | Lair:4   | Found a staircase to the Snake Pit.
 16853 | Lair:4   | Reached skill level 13 in Dodging
 16853 | Lair:4   | Reached skill level 10 in Spellcasting
 16884 | Lair:4   | Reached skill level 10 in Fighting
 17027 | Lair:4   | Slain by a cane toad
 17028 | Lair:4   | Reached XP level 11. HP: -2/54 MP: 23/26
 17377 | Lair:4   | Noticed a seven-headed hydra
 17607 | Lair:4   | Noticed a lindwurm
 17608 | Lair:4   | Killed Kirke
 17609 | Lair:4   | Reached XP level 12. HP: 33/58 MP: 18/27
 18010 | Lair:4   | Killed a seven-headed hydra
 18175 | Lair:5   | Noticed a seven-headed hydra
 18516 | Lair:4   | Bought an Inescapable Atlas for 476 gold pieces
 18522 | Lair:4   | Learned a level 5 spell: Manifold Assault
 18530 | Lair:4   | Learned a level 7 spell: Storm Form
 18533 | Lair:4   | Learned a level 2 spell: Blink
 18680 | Lair:5   | Reached skill level 1 in Translocations
 18737 | Lair:5   | Noticed an eight-headed hydra
 18772 | Lair:5   | Killed an eight-headed hydra
 18773 | Lair:5   | Reached skill level 1 in Transmutations
 19106 | Lair:5   | Noticed a five-headed hydra
 19133 | Lair:5   | Killed a five-headed hydra
 19134 | Lair:5   | Reached skill level 14 in Dodging
 19451 | Lair:5   | Killed a seven-headed hydra
 19733 | Lair:6   | Entered Level 6 of the Lair of Beasts
 19733 | Lair:6   | Found a shimmering altar of Xom.
 19814 | Lair:6   | Noticed a five-headed hydra
 19822 | Lair:6   | Killed a five-headed hydra
 20404 | Lair:6   | Reached XP level 13. HP: 44/63 MP: 25/28
 20542 | Lair:6   | Reached skill level 5 in Translocations
 22322 | Lair:6   | Reached skill level 15 in Dodging
 22322 | Lair:6   | Reached skill level 5 in Transmutations
 22646 | Lair:6   | Found a staircase to the Slime Pits.
 23382 | Lair:6   | Found a corrupted altar of Lugonu.
 24185 | D:9      | Found a staircase to the Orcish Mines.
 24784 | D:9      | Identified the amulet of Coronation {Spirit Regen+}
 24796 | D:9      | Found a sacrificial altar of Ru.
 25370 | Orc:1    | Entered Level 1 of the Orcish Mines
 25440 | Orc:1    | Reached skill level 1 in Unarmed Combat
 25744 | Orc:2    | Entered Level 2 of the Orcish Mines
 25769 | Orc:2    | Noticed a stone giant
 25778 | Orc:2    | Killed a stone giant
 25795 | Orc:2    | Noticed an ettin
 25809 | Orc:2    | Killed an ettin
 25810 | Orc:2    | Reached XP level 14. HP: 40/68 MP: 12/30
 26037 | Orc:2    | Found Beadel's Antique Weapon Emporium.
 26045 | Orc:2    | Hit by a large rock thrown by a cyclops
 26046 | Orc:2    | Reached XP level 13. HP: -12/64 MP: 26/29
 26060 | Orc:2    | Found Itsuekacia's Book Shop.
 26191 | Orc:2    | Noticed an ettin
 26204 | Orc:2    | Killed an ettin
 26282 | Orc:2    | Found Vuaceugh's Antique Armour Boutique.
 26283 | Orc:2    | Found a staircase to the Elven Halls.
 26387 | Orc:2    | Noticed an ettin
 26397 | Orc:2    | Killed an ettin
 26425 | Orc:2    | Found Egrion's General Store.
 26828 | Orc:2    | Bought a potion of flight for 42 gold pieces
 26828 | Orc:2    | Bought a wand of polymorph (3) for 70 gold pieces
 27401 | D:10     | Entered Level 10 of the Dungeon
 27756 | D:10     | Noticed Maurice
 27771 | D:10     | Killed Maurice
 29076 | D:11     | Found a burning altar of Makhleb.
 29335 | D:12     | Found a broken altar of Ashenzari.
 29364 | D:12     | Noticed Psyche
 29399 | D:12     | Killed Psyche
 29599 | D:12     | Bought the ring of Eblaschi {Fire Fly rPois Int+3} for 624
                  | gold pieces
 29599 | D:12     | Bought the ring of Deics {Will+ Int+4} for 565 gold pieces
 29633 | D:12     | Noticed Azrael
 29648 | D:12     | Killed Azrael
 29727 | D:12     | Shot with an arrow by a centaur warrior
 29728 | D:12     | Reached XP level 12. HP: -3/61 MP: 28/28
 29912 | Shoals:1 | Entered Level 1 of the Shoals
 29912 | Shoals:1 | Noticed a merfolk impaler
 29933 | Shoals:1 | Killed a merfolk impaler
 30223 | Shoals:1 | Reached skill level 16 in Dodging
 30236 | Shoals:1 | Reached XP level 13. HP: 49/65 MP: 18/29
 30770 | Shoals:1 | Noticed a merfolk javelineer
 30779 | Shoals:1 | Killed a merfolk javelineer
 31213 | D:12     | Noticed Sonja
 31421 | D:12     | Killed Sonja
 31662 | D:13     | Found a transporter.
 31701 | D:13     | Noticed Rupert
 31701 | D:13     | Noticed Urug
 31701 | D:13     | Noticed Nessos
 31701 | D:13     | Found a gate to the Vaults.
 31756 | D:12     | Killed Rupert
 31878 | D:13     | Noticed Jiumoeso's ghost (journeyman GrEE)
 31905 | D:13     | Bought a potion of heal wounds for 80 gold pieces
 31932 | D:13     | Found a transporter.
 32184 | D:$      | Got out of the dungeon alive.

Illustrated notes

Levels and vault maps discovered:
D:1:      minmay_arrival_shattered_statue, layout_basic, minmay_misc_feat_doors,
          corner_web_ring, corexii_corridor_pit
D:2:      layout_basic, basic_altar, uniq_natasha, uniq_sigmund, uniq_terence
D:3:      layout_loops_ring, serial_aquarium, aquarium_bridge_long_separate
          [aquarium_subvault_window, aquarium_subvault_wall,
          aquarium_subvault_bridge, aquarium_subvault_wall,
          aquarium_subvault_bridge, aquarium_subvault_bridge],
          aquarium_window_corner, aquarium_window_2, aquarium_view_2c,
          aquarium_view_2c, amcnicky_altar_lugonu_corruption
D:4:      layout_basic, serial_co_window_serial, co_window_of_opportunity_a,
          co_window_of_opportunity_a, co_window_cross_1, co_window_corner_a,
          co_window_paths_b, co_window_paths_b, co_window_paths_a,
          co_window_broadway_c, co_window_unsneaky_path_e, co_window_2corner,
          co_window_paths_c, co_window_sun, glass_columns_a, glass_columns_b,
          glass_columns_c, nrook_mini_backslash, minivault_19
D:5:      minmay_clustersquares, layout_loops_corners, minmay_manual_monolith,
          uniq_pikel
D:6:      layout_rooms, serial_shops, nicolae_shop_hallway_stairs
D:7:      layout_basic, minmay_temple_entry_poolview, kennysheep_generic_room_12
D:8:      layout_basic, david_lair_shrubbed, serial_shops, nicolae_stop_n_shop_2
D:9:      kennysheep_ambush_hall, layout_basic,
          mainiacjoe_overflow_tiny_flanked, orc_0_dummy
D:10:     layout_cave_pools, serial_co_window_serial, co_window_corner_a,
          co_window_paths_a, co_window_corner_a, co_window_of_opportunity_a,
          co_window_cross_1, co_window_of_opportunity_a, co_window_paths_a,
          co_window_broadway_c, co_window_2corner, co_window_broadway_b,
          co_window_paths_c, co_window_sun, glass_columns_b, glass_columns_a,
          glass_columns_b, glass_columns_a, glass_columns_b, uniq_maurice
D:11:     layout_roguey, demons_altar
D:12:     layout_roguey, ashenzari_altar_1, uniq_azrael, uniq_sonja, uniq_psyche
D:13:     layout_basic, david_vaults_3, gammafunk_ghost_stat_death, pf_eden
Temple:   mainiacjoe_temple_hex_bubbles
Lair:1:   layout_cellular_growth, gauntlet_entry_generic
Lair:2:   layout_regular_city, elwin_shoals_entry_rocks
Lair:3:   layout_concentric_octagons, grunt_megastairs_3
Lair:4:   layout_small_grid, minmay_snake_entry_guardpost_medium, uniq_nessos,
          uniq_kirke
Lair:5:   layout_roguey, serial_bayou_shore_a, grunt_megastairs_4
Lair:6:   hellmonk_lair_end_abyssal_woods, layout_hall_layers,
          minmay_slime_entry_pillars, basic_altar,
          chequers_serial_rivers_micro_a, minivault_27
Shoals:1: layout_shoals
Orc:1:    layout_diamond_mine
Orc:2:    grunt_orc_gardens, layout_caves, grunt_orc_garden, grunt_orc_garden,
          grunt_orc_garden, grunt_orc_garden

Skill      XL: |  1  2  3  4  5  6  7  8  9 10 11 12 13 |
---------------+----------------------------------------+-----
Spellcasting   | 4 5 6 7 9 10 11 | 11.0
Summonings     | 5 6 7 8 9 10 11 | 11.0
Hexes          | 1 2 4 5 |  5.0
Dodging        | 3 4 7 8 9 11 16 15 | 16.2
Fighting       | 1 2 5 6 7 8 11 12 | 12.5
Air Magic      | 1 2 3 5 6 7 9 |  9.6
Translocations | 4 8 |  8.3
Transmutations | 7 6 |  7.4
Unarmed Combat | 4 |  4.4
Stealth        | |  2.6

Action                   |  1- 3 |  4- 6 |  7- 9 | 10-12 | 13-15 || total
-------------------------+-------+-------+-------+-------+-------++-------
Melee: Unarmed           |    25 |    21 |    53 |     1 |    49 ||   149
       Bite              |     3 |     2 |     5 |       |     7 ||    17
       Punch             |     1 |       |     1 |       |       ||     2
 Cast: Summon Small Mamm |    41 |       |       |       |     2 ||    43
       Call Canine Famil |     4 |    17 |    79 |    89 |    88 ||   277
       Summon Guardian G |       |     4 |    35 |    20 |    29 ||    88
       Summon Lightning  |       |       |       |   106 |   117 ||   223
       Blink             |       |       |       |       |     6 ||     6
Invok: Call Merchant     |       |       |       |     2 |     2 ||     4
Evoke: Wand              |       |       |     3 |       |    11 ||    14
  Use: Scroll            |     1 |     3 |     8 |    13 |     6 ||    31
       Potion            |       |     1 |     5 |       |     3 ||     9
 Stab: Sleeping          |     6 |     2 |     6 |       |       ||    14
       Distracted        |       |       |     1 |       |       ||     1
Armor: Skin              |     3 |     1 |    10 |     6 |    12 ||    32
Dodge: Dodged            |    37 |    21 |   155 |   148 |   230 ||   591
